Map: Dusk Towers

Players

Stalkiro - Winner!

  • Race: Zerg Zerg
  • League: Silver

lesha

  • Race: Terran Terran
  • League: Silver

VOD

Have the link to the VOD?

Description

Time

  • Played on: Dec. 17, 2015, 10:15 a.m.
  • Length: 9:46
Show
View Real Time Build Order
Export as new Build Order

Stalkiro Zerg - Winner!

Build Orders: Hatch First 

Get SALT Encoding   

  12  0:01  Drone  
  13  0:13  Overlord  
  13  0:40  Hatchery  
  12  0:58  Spawning Pool  
  12  0:59  Drone  
  12  1:08  Drone  
  13  1:12  Extractor  
  13  1:18  Drone  
  13  1:26  Drone x2  
  15  1:37  Drone  
  16  1:44  Queen  
  18  1:53  Queen  
  20  2:01  Zergling x2  
  20  2:04  Drone  
  20  2:06  Drone  
  23  2:15  Metabolic Boost  
  23  2:30  Drone, Zergling x2  
  23  2:31  Zergling x4  
  27  2:46  Zergling x2  
  28  2:59  Spine Crawler  
  27  3:09  Drone  
  27  3:10  Overlord x2  
  27  3:31  Zergling x2  
  27  3:32  Zergling x4  
  27  3:33  Drone x3, Zergling x2  
  34  3:51  Extractor  
  33  3:56  Roach Warren  
  32  4:14  Drone  
  32  4:15  Zergling x4  
  32  4:16  Zergling x2  
  36  4:22  Zergling x6  
  36  4:24  Zergling x2  
  40  4:41  Roach  
  40  4:42  Overlord x2  
  42  4:58  Roach  
  42  5:12  Roach x3  
  45  5:29  Drone x2  
  45  5:30  Roach x4  
  45  5:31  Overlord  
  55  5:55  Drone x4  
  59  6:01  Extractor  
  58  6:06  Lair  
  58  6:22  Hatchery  
  57  6:29  Drone x2  
  57  6:30  Roach x4  
  57  6:32  Overlord x2  
  67  6:55  Drone x3  
  70  7:05  Ravager x4  
  74  7:10  Roach x3  
  74  7:14  Spire  
  79  7:23  Overlord x2  
  79  7:24  Overlord  
  79  7:28  Overlord  
  79  7:38  Drone  
  79  7:43  Spine Crawler  
  70  8:08  Zergling x2  
  70  8:12  Roach x2  
  75  8:14  Zergling x12  
  75  8:15  Zergling x2  
  82  8:28  Mutalisk x4  
  90  8:39  Drone x3  
  69  9:05  Mutalisk x2  
Show
View Real Time Build Order
Export as new Build Order

lesha Terran 

Build Orders: MMM Bio 

Get SALT Encoding   

  12  0:01  SCV  
  13  0:13  SCV  
  14  0:19  Supply Depot  
  14  0:25  SCV  
  15  0:40  SCV  
  15  0:41  Barracks  
  16  0:49  Refinery  
  16  0:52  SCV  
  17  1:04  SCV  
  18  1:17  SCV  
  19  1:29  SCV  
  20  1:35  Reaper  
  20  1:38  Command Center  
  21  1:43  Orbital Command  
  21  1:55  Refinery  
  21  2:14  SCV  
  22  2:16  Marine  
  23  2:30  Factory  
  23  2:37  Supply Depot  
  23  2:50  SCV  
  24  3:02  SCV  
  25  3:13  Orbital Command  
  25  3:19  Starport  
  25  3:21  SCV  
  26  3:33  SCV  
  27  3:45  SCV x2, Barracks  
  27  3:48  Barracks  
  29  3:53  Factory Tech Lab  
  29  3:57  Barracks Reactor, SCV x2  
  29  4:00  Starport Reactor  
  31  4:17  Siege Tank  
  31  4:19  Command Center  
  31  4:20  SCV x2  
  36  4:32  Supply Depot  
  36  4:33  SCV x2  
  36  4:35  Supply Depot  
  36  4:36  Supply Depot  
  36  4:37  Supply Depot  
  37  5:02  Marine x2  
  37  5:03  Marine  
  37  5:05  Medivac  
  37  5:06  Medivac  
  44  5:16  Refinery x2  
  44  5:20  Marine  
  46  5:23  Barracks Tech Lab  
  44  5:34  Supply Depot x2  
  44  5:38  Barracks  
  44  5:40  Barracks  
  44  5:41  SCV x2  
  46  5:53  SCV, Marine x2  
  46  5:54  SCV  
  46  5:55  Medivac  
  53  6:06  SCV x2  
  53  6:07  Command Center  
  53  6:10  Barracks Reactor  
  55  6:12  Stimpack  
  55  6:14  Barracks Reactor  
  54  6:31  SCV x2, Engineering Bay  
  56  6:33  Engineering Bay  
  56  6:34  Marine x3  
  56  6:38  Medivac x2  
  63  6:43  SCV x2  
  63  6:46  Marine x2  
  67  6:50  Marine x2  
  67  6:51  Marine  
  70  6:58  Supply Depot  
  70  7:00  Supply Depot x2  
  70  7:03  Supply Depot  
  75  7:11  Marauder  
  75  7:12  Barracks Reactor x2, Marine x2  
  75  7:13  Marine x2  
  76  7:18  Terran Infantry Weapons Level 1  
  76  7:25  Terran Infantry Armor Level 1  
  76  7:30  Liberator, Marine x3  
  76  7:32  Marine, Marauder  
  82  7:48  Marine x3  
  82  7:50  Marine x5  
  93  7:54  Marauder  
  93  7:56  Orbital Command  
  89  8:06  Marine x2  
  89  8:08  Marine x3  
  95  8:15  Combat Shields, Marine  
  95  8:30  Marine x5  
  95  8:31  Marine x2  
  95  8:32  Armory  
  95  8:33  Marine  
  103  8:48  Marine x4  
  69  9:15  Marine x2  
  69  9:16  Marine x3  
Tags
 
Composition
MMM Bio
Matchup
TvZ
Add a new tag
Caveats
  • Supply blocks, unpowered buildings, or Contaminate may cause inaccurate times.
  • Supply counts are checked every 10 seconds.